 Dungeon Crawl Stone Soup version 0.21-a0-329-g12f17e1 (webtiles) character file.

44 namelastname112 the Sneak (level 3, -2/16 HPs)
             Began as a Felid Wanderer on Oct 1, 2017.
             Slain by nikopol's ghost (3 damage)
             ... on level 3 of the Dungeon.
             The game lasted 00:02:05 (2271 turns).

namelastname112 the Sneak (Felid Wanderer)          Turns: 2271, Time: 00:02:06

Health: -2/16      AC:  1    Str:  7    XL:     3   Next: 41%
Magic:  4/4        EV: 18    Int: 11    God:
Gold:   100        SH:  0    Dex: 19    Spells: 2/2 levels left
                                        Lives:  0   Deaths: 1

rFire    . . .     SeeInvis +     - Unarmed
rCold    . . .     Gourm    .   (shield unavailable)
rNeg     . . .     Faith    .   (armour unavailable)
rPois    .         Spirit   .   (helmet unavailable)
rElec    .         Reflect  .   (cloak unavailable)
rCorr    .         Harm     .   (gloves unavailable)
MR       .....                  (boots unavailable)
Stlth    ++++......             (no amulet)
HPRegen  0.05/turn              (no ring)
MPRegen  0.09/turn              (no ring)

@: quick
A: no armour, no weapons or thrown items, stealth, claws 1, fangs 3, see
invisible, carnivore 3, speed 1, shaggy fur 1, slow metabolism 1, sharp paws
a: no special abilities


You were on level 3 of the Dungeon.
You were not hungry.

You visited 1 branch of the dungeon, and saw 3 of its levels.

You collected 100 gold pieces.

Inventory:

Scrolls
 a - a scroll of blinking
 b - a scroll of fear
 g - 2 scrolls of identify
Potions
 c - a potion of curing
 d - a potion of lignification
 e - 2 potions of haste
Comestibles
 f - a meat ration


   Skills:
 + Level 2.6 Fighting
 + Level 2.8 Dodging
 + Level 5.9 Stealth
 * Level 4.0 Unarmed Combat


You had 2 spell levels left.
You didn't know any spells.

Dungeon Overview and Level Annotations

Branches:
Dungeon (3/15)

Altars:

Annotations:
D:3 nikopol's ghost, amateur DEFE


Innate Abilities, Weirdness & Mutations

You cannot wear armour.
You are incapable of wielding weapons or throwing items.
Your paws allow you to move quietly. (Stealth)
You have sharp claws.
You have razor-sharp teeth.
You have supernaturally acute eyesight. (SInv)
You are carnivorous and can eat meat at any time.
You cover ground quickly.
You are covered in fur. (AC +1)
You have a slow metabolism.
Your sharp claws are effective at attacking unaware monsters.


Message History

Nikopol's ghost is moderately damaged.
The adder closely misses you.
You closely miss nikopol's ghost.
Nikopol's ghost is moderately damaged.
The adder completely misses you. Nikopol's ghost hits you.
* * * LOW HITPOINT WARNING * * *
The adder bites you.
* * * LOW HITPOINT WARNING * * *
You take 6 damage, and have 1/16 hp.
MASSIVE DAMAGE!!
You scratch nikopol's ghost. Your claw misses nikopol's ghost.
Nikopol's ghost is moderately damaged.
Nikopol's ghost gestures at you while chanting.
The puff of flame misses you. The adder barely misses you.
You completely miss nikopol's ghost.
Nikopol's ghost is moderately damaged.
Nikopol's ghost misses you. The adder misses you.
You scratch nikopol's ghost.
Nikopol's ghost is heavily damaged.
Nikopol's ghost hits you.
You die...

######...# ........#
#.......# ###.......#
####......####
#####......#.##
###......#####†.# ##
..............#.#######.
.......@.............##.
.##...SW#######.#####...
#.....# #.##....#.
#.....# #....####.
.....### ###..### #.
..$.## #....# ##. #...
#..†.# #.. ##. #....#
#.# ......# #.#


You could see nikopol's ghost and an adder.

Vanquished Creatures
  3 adders (D:2)
  An ooze (D:2)
  A worm (D:2)
  A dart slug (D:2)
  4 leopard geckos
  An orc (D:3)
  3 ball pythons
  7 bats
  2 giant cockroaches
  4 goblins
  2 hobgoblins (D:1)
  6 jackals
  2 quokkas
  3 frilled lizards
  5 kobolds
  6 rats
51 creatures vanquished.

Notes
Turn   | Place    | Note
-------+----------+-------------------------------------------
     0 | D:1      | namelastname112 the Felid Wanderer began the quest for the Orb.
     0 | D:1      | namelastname112 set off with: a scroll of blinking, a scroll of fear, a potion of curing, a potion of lignification, a meat ration
     0 | D:1      | Reached XP level 1. HP: 9/9 MP: 2/2
   289 | D:1      | Reached XP level 2. HP: 13/13 MP: 3/3
   724 | D:2      | Reached XP level 3. HP: 16/16 MP: 4/4
  1408 | D:2      | Reached XP level 4. HP: 12/20 MP: 5/5
  2165 | D:3      | HP: 1/20 [poisoned by an adder]
  2165 | D:3      | Slain by an adder
  2166 | D:3      | Reached XP level 3. HP: -3/16 MP: 4/4
  2256 | D:3      | Noticed nikopol's ghost (amateur DEFE)
  2271 | D:3      | Slain by nikopol's ghost

Vault maps used:
D:1:      minmay_arrival_doors
D:2:      first_bread
D:3:      minmay_overflow_temple_star_quad, portal_sewer_entry_b,
          minmay_rat_hole

Skill      XL: |  1  2  3 |
---------------+----------+-----
Dodging        | 2 |  2.8
Unarmed Combat | 4 |  4.0
Fighting       | |  2.6
Stealth        | |  5.9

Action                   |  1- 3 |  4- 6 || total
-------------------------+-------+-------++-------
Melee: Unarmed           |   121 |    26 ||   147
       Bite              |     9 |     1 ||    10
       Punch             |     2 |     1 ||     3
  Use: Scroll            |     2 |     1 ||     3
 Stab: Sleeping          |    14 |     3 ||    17
  Eat: Chunk             |     6 |     2 ||     8
Armor: Skin              |     5 |     2 ||     7
Dodge: Dodged            |    97 |    37 ||   134

Table legend:
 A = Spawn XP
 B = Non-spawn XP
 C = Spawn XP percentage of total XP
 D = Spawn monster count
 E = Non-spawn monster count
 F = Spawn count percentage of total count
 G = Total turns spent on level
                    A         B        C        D         E        F      G
               +---------+---------+-------+---------+---------+-------+---------
         Total |       0 |     130 |   0.0 |       0 |      51 |   0.0 |  2271
               +---------+---------+-------+---------+---------+-------+---------
           D:1 |       0 |      37 |   0.0 |       0 |      25 |   0.0 |   702
           D:2 |       0 |      78 |   0.0 |       0 |      18 |   0.0 |  1425
           D:3 |       0 |      15 |   0.0 |       0 |       8 |   0.0 |   144
               +---------+---------+-------+---------+---------+-------+---------
